AoeStats
← Minox

Lombardia

508033341Analyzed
4v4 RM · 11d ago on Sep 20, 2026· 69m 37s· 8 players
Game mode
Random Map
Map size
Large (8 player)
Population
200
Speed
Normal
Resources
Standard
Victory
Conquest
Starting age
Dark Age
Ending age
Imperial Age
RankedLock teamsTeams togetherTeam positionsShared explorationLock speedFull tech treeHidden civsTurbo modeCheats
Victory
Defeat
🇩🇪 Persians · Germany
1092
+15
🇳🇴 Armenians · Norway
1058
+17
🇪🇸 Celts · Spain
1044
+17
🇫🇷 Romans · France
980
+20
🇨🇱 Celts · Chile
1148
-20
🇨🇴 Franks · Colombia
1066
-17
🇨🇱 Poles · Chile
1054
-17
🇨🇱 Mongols · Chile
1023
-15
Cloud
2:26 Loom
11:49 Feudal Age
12:25 Double-Bit Axe
12:22 Horse Collar
19:11 Castle Age
19:28 Wheelbarrow
20:45 Heavy Plow
20:58 Bow Saw
22:55 Hand Cart
24:03 Gold Mining
26:21 Gold Shaft Mining
30:41 Imperial Age
30:05 Husbandry
30:22 Scale Barding Armor
31:31 Chain Barding Armor
31:25 Forging
30:51 Cavalier
32:42 Iron Casting
33:06 Paladin
38:22 Blast Furnace
38:56 Heavy Scorpion
42:14 Siege Engineers
43:10 Chemistry
48:00 Furor Celtica
51:02 Caravan
53:59 Conscription
57:13 Light Cavalry
58:00 Capped Ram
58:48 Hussar
58:52 Siege Ram
Minox
5:27 Loom
10:25 Feudal Age
12:00 Double-Bit Axe
12:56 Horse Collar
18:28 Castle Age
17:21 Scale Barding Armor
18:39 Wheelbarrow
19:57 Heavy Plow
20:32 Bow Saw
20:22 Gold Mining
20:57 Forging
22:49 Iron Casting
23:17 Husbandry
25:42 Gold Shaft Mining
27:06 Chain Barding Armor
Sharion
0:35 Loom
12:46 Feudal Age
19:31 Castle Age
17:52 Horse Collar
20:47 Double-Bit Axe
23:41 Town Watch
24:21 Fervor
27:20 Wheelbarrow
27:16 Sanctity
27:04 Heavy Plow
27:16 Bow Saw
29:34 Forging
29:26 Scale Mail Armor
29:38 Gold Mining
33:49 Imperial Age
31:55 Murder Holes
32:22 Ballistics
33:32 Squires
33:51 Chain Mail Armor
34:11 Iron Casting
34:20 Hand Cart
35:16 Pikeman
36:40 Capped Ram
37:55 Siege Ram
39:29 Iron Casting
39:00 Halberdier
41:38 Blast Furnace
43:01 Gold Shaft Mining
42:18 Stone Mining
43:20 Coinage
42:59 Elite Composite Bowman
44:00 Conscription
44:44 Plate Mail Armor
44:05 Fletching
44:16 Padded Archer Armor
46:46 Bodkin Arrow
48:21 Chemistry
47:27 Bracer
48:57 Leather Archer Armor
49:16 Masonry
49:37 Man-at-Arms
50:02 Gambesons
50:03 Arson
51:08 Fortified Wall
54:57 Ring Archer Armor
54:33 Scale Barding Armor
55:28 Long Swordsman
59:23 Fereters
58:39 Two-Handed Swordsman
59:41 Chain Barding Armor
58:46 Crossbowman
58:47 Elite Skirmisher
59:34 Guard Tower
61:09 Bombard Tower
62:02 Champion
67:05 Caravan
67:42 Banking
67:22 Guilds
69:13 Bloodlines
69:04 Husbandry
68:24 Light Cavalry
Bobby_zz
10:38 Feudal Age
15:19 Castle Age
13:55 Double-Bit Axe
14:07 Horse Collar
19:26 Loom
23:32 Gold Mining
25:02 Bow Saw
27:01 Wheelbarrow
26:37 Town Watch
29:10 Stone Mining
31:57 Imperial Age
29:43 Hand Cart
29:28 Town Patrol
30:12 Gold Shaft Mining
29:53 Scale Barding Armor
29:59 Forging
32:06 Chain Barding Armor
32:05 Husbandry
32:12 Cavalier
33:50 Conscription
34:37 Bloodlines
33:54 Elite War Elephant
35:50 Iron Casting
36:03 Stone Shaft Mining
37:08 Plate Barding Armor
41:42 Caravan
45:45 Blast Furnace
45:21 Plate Barding Armor
44:37 Fletching
51:49 Murder Holes
52:15 Ballistics
51:55 Bodkin Arrow
53:03 Two-Man Saw
62:44 Light Cavalry
63:54 Hussar
69:26 Masonry
THE_LORD
11:20 Feudal Age
11:46 Double-Bit Axe
19:05 Castle Age
19:02 Loom
20:41 Scale Barding Armor
21:39 Wheelbarrow
22:00 Bow Saw
22:47 Chain Barding Armor
26:46 Hand Cart
26:43 Pikeman
30:29 Husbandry
31:14 Town Watch
31:22 Gold Mining
31:22 Stone Mining
31:44 Caravan
35:20 Town Patrol
39:20 Imperial Age
37:50 Gambesons
38:05 Squires
39:37 Forging
39:28 Scale Mail Armor
39:42 Halberdier
41:01 Iron Casting
39:57 Cavalier
42:19 Gold Shaft Mining
44:19 Blast Furnace
44:55 Chain Mail Armor
45:10 Paladin
51:03 Chivalry
52:02 Plate Barding Armor
52:00 Plate Mail Armor
59:50 Conscription
59:51 #83
65:07 Murder Holes
65:33 Ballistics
66:13 Chemistry
Sautiña
12:25 Feudal Age
10:41 Loom
12:59 Horse Collar
18:06 Castle Age
16:12 Stone Mining
16:12 Double-Bit Axe
18:45 Wheelbarrow
18:05 Gold Mining
21:04 Hand Cart
21:27 Heavy Plow
22:03 Bow Saw
23:14 Scale Barding Armor
25:13 Stone Shaft Mining
28:01 Bloodlines
27:52 Husbandry
28:14 Chain Barding Armor
28:51 Szlachta Privileges
32:14 Imperial Age
31:17 Forging
33:12 Iron Casting
34:00 Crop Rotation
33:24 Cavalier
35:19 Blast Furnace
43:32 Light Cavalry
44:36 Lechitic Legacy
44:39 Conscription
46:05 Caravan
46:08 Winged Hussar
49:52 Pikeman
50:34 Squires
61:16 Town Watch
63:55 Scale Mail Armor
63:46 Fletching
64:26 Ballistics
65:00 Chain Mail Armor
Report Fuco
10:26 Feudal Age
10:50 Feudal Age
15:18 Castle Age
17:10 Double-Bit Axe
18:57 Horse Collar
21:54 Heavy Plow
23:33 Fletching
25:12 Bow Saw
27:02 Town Watch
30:11 Wheelbarrow
29:36 Town Patrol
31:05 Gold Mining
35:12 Imperial Age
33:03 Loom
33:34 Hand Cart
34:38 Bodkin Arrow
34:43 Padded Archer Armor
35:28 Elite Mangudai
38:07 Chemistry
37:28 Ballistics
38:12 Husbandry
38:22 Bloodlines
38:40 Parthian Tactics
40:42 Bracer
40:57 Leather Archer Armor
41:26 Conscription
51:00 Drill
58:21 Fortified Wall
58:07 Murder Holes
60:19 Hoardings
60:14 Nomads
60:51 Caravan
60:42 Light Cavalry
[WK] KingRev_
10:19 Feudal Age
15:48 Castle Age
13:52 Double-Bit Axe
17:48 Loom
18:36 Bow Saw
25:21 Scale Mail Armor
25:07 Man-at-Arms
25:32 Gambesons
25:57 Long Swordsman
27:55 Chain Mail Armor
27:51 Forging
30:07 Iron Casting
31:38 Wheelbarrow
30:49 Town Watch
31:27 Arson
33:15 Horse Collar
33:27 Gold Mining
37:13 Imperial Age
34:45 Town Patrol
38:15 Conscription
38:21 Conscription
38:14 Pikeman
39:26 Plate Mail Armor
38:50 Fletching
40:01 Blast Furnace
39:41 Halberdier
41:26 Caravan
43:32 Coinage
43:47 Hand Cart
48:27 Capped Ram
49:12 Elite Woad Raider
50:33 Siege Ram
56:41 Fortified Wall
58:19 Bodkin Arrow
59:27 Chemistry
58:38 Masonry
58:26 Murder Holes
65:06 Stronghold
Connection lost

Rejoining the realm…

Still unreachable

The connection could not be restored.

Session expired

The server has moved on; the page needs a fresh start.